 Dungeon Crawl Stone Soup version 0.26.1-11-gd32895ea62 (webtiles) character file.

Game seed: 3034762019850185384

47 nothank2 the Magician (level 3, 0/26 HPs)
             Began as a Demonspawn Transmuter on June 24, 2021.
             Hit by a stone thrown by a goblin (4 damage)
             ... on level 2 of the Dungeon.
             The game lasted 00:03:51 (1756 turns).

nothank2 the Magician (Demonspawn Transmuter)       Turns: 1756, Time: 00:03:52

Health: 0/26       AC:  2    Str: 10    XL:     3   Next: 48%
Magic:  6/7        EV: 12    Int: 15    God:
Gold:   26         SH:  0    Dex: 13    Spells: 7/8 levels left

rFire    + . .     SeeInvis +   h - +0 dagger
rCold    x . .     Faith    .   (no shield)
rNeg     . . .     Spirit   .   a - +0 robe
rPois    .         Reflect  .   (helmet currently unavailable)
rElec    .         Harm     .   (no cloak)
rCorr    .         Rampage  .   (no gloves)
Will     .....                  (boots currently unavailable)
Stlth    +.........             (no amulet)
HPRegen  0.08/turn              d - ring of see invisible
MPRegen  0.10/turn              f - ring of fire

@: appendages
A: horns 2, talons 2, demonic guardian 1
a: End Transformation


You were on level 2 of the Dungeon.
You had grown temporary horns.
You had grown temporary talons.
You visited 1 branch of the dungeon, and saw 2 of its levels.

You collected 26 gold pieces.

Inventory:

Hand Weapons
 h - a +0 dagger (weapon)
Armour
 a - a +0 robe (worn)
Jewellery
 b - an uncursed amulet of faith
 d - a ring of see invisible (left hand)
 f - a ring of fire (right hand)
Scrolls
 c - 2 scrolls of remove curse {unknown}
 g - 3 scrolls of enchant weapon {unknown}
 i - 2 scrolls of identify {unknown}
Potions
 e - a potion of haste {unknown}


   Skills:
 - Level 1.0 Fighting
 - Level 1.7 Dodging
 - Level 2.6 Unarmed Combat
 - Level 3.0 Spellcasting
 + Level 2.8 Transmutations


You had 7 spell levels left.
You knew the following spells:

 Your Spells              Type           Power        Failure   Level
a - Beastly Appendage     Tmut           20%          6%          1

Your spell library contained the following spells:

 Spells                   Type           Power        Failure   Level
 Wereblood                Tmut           10%          10%         2
 Spider Form              Tmut/Pois      3%           34%         3
 Ice Form                 Ice/Tmut       6%           75%         4
 Blade Hands              Tmut           5%           87%         5


Dungeon Overview and Level Annotations

Branches:
Dungeon (2/15)

Altars:


Innate Abilities, Weirdness & Mutations

A weak demonic guardian rushes to your aid.
You have a pair of horns on your head.
You have razor-sharp toenails.


Message History

You climb upwards.
There is a stone staircase leading down here.
You start resting.
HP restored.
You climb downwards.
There is a stone staircase leading up here.
A goblin is nearby!
The goblin hits you with a +0 hand axe!
You grow a pair of large bovine horns.
Your feet morph into talons.
The gnoll closely misses you. The goblin barely misses you.
You hit the goblin but do no damage. Your kick misses the goblin.
The gnoll closely misses you. The goblin hits you with a +0 hand axe.
You closely miss the goblin. Your headbutt misses the goblin.
The gnoll hits you from afar with a +0 halberd!
Ouch! That really hurt!
* * * LOW HITPOINT WARNING * * *
The goblin misses you.
The goblin throws a stone.
The stone closely misses you.
The goblin throws a stone.
The stone hits you.
You die...

### #.######. #.#...... #.#.#...
# #####..... .# ## #.......# ..#
....###########.###...######'###
...........(...@..gg..##........
###.###.###########...##........
..................#...##........
###.###.####..###.......))......
#.....## ........###.รท.......
####....####..####.............
........gg...........(..#....###
#####....#####.....(.####.####
#....# ##..##(#####.#


You could see a gnoll and a goblin.

Vanquished Creatures
  A dart slug (D:2)
  3 leopard geckos (D:1)
  3 bats
  3 giant cockroaches (D:1)
  3 goblins
  5 hobgoblins
  2 jackals (D:1)
  A quokka (D:2)
  A frilled lizard (D:1)
  4 kobolds
  3 rats
29 creatures vanquished.

Vanquished Creatures (collateral kills)
  A gnoll (D:2)
1 creature vanquished.

Grand Total: 30 creatures vanquished

Notes
Turn   | Place    | Note
-------+----------+-------------------------------------------
     0 | D:1      | nothank2 the Demonspawn Transmuter began the quest for the
                  | Orb.
     0 | D:1      | Reached XP level 1. HP: 15/15 MP: 3/3
   298 | D:1      | Gained mutation: A weak demonic guardian rushes to your
                  | aid. [demonic ancestry]
   298 | D:1      | Reached XP level 2. HP: 21/21 MP: 3/5
  1189 | D:1      | Reached XP level 3. HP: 26/26 MP: 5/7
  1384 | D:2      | Reached skill level 3 in Spellcasting
  1756 | D:2      | Hit by a stone thrown by a goblin

Illustrated notes

Levels and vault maps discovered:
D:1:      tarquinn_simple_flora_water_b, layout_basic,
          hangedman_abyss_or_decor_lesser_grid
D:2:      layout_basic

Skill      XL: |  1  2  3 |
---------------+----------+-----
Transmutations | 2 |  2.8
Spellcasting   | 3 |  3.0
Fighting       | |  1.0
Dodging        | |  1.7
Unarmed Combat | |  2.6

Action                   || total
-------------------------++-------
Melee: Unarmed           ||    59
       Kick              ||    15
       Headbutt          ||     9
       Punch             ||     2
       Dagger            ||    21
 Cast: Beastly Appendage ||    18
 Stab: Sleeping          ||     1
Armor: Robe              ||    24
Dodge: Dodged            ||    61
